 Dungeon Crawl Stone Soup version 0.27-a0-1196-g3e9cee4cb2 (webtiles) character file.

Game seed: 1377610408439060658

35 Essalna the Magician (level 3, -4/28 HPs)
             Began as a Djinni Venom Mage on May 27, 2021.
             Slain by a bullfrog skeleton (6 damage)
             ... on level 3 of the Dungeon.
             The game lasted 00:03:35 (2386 turns).

Essalna the Magician (Djinni Venom Mage)            Turns: 2386, Time: 00:03:36

Health: -4/28      AC:  3    Str:  7    XL:     3   Next: 55%
Gold:   122        EV: 12    Int: 17    God:
                   SH:  0    Dex: 13

rFire    + + +     SeeInvis .   g - staff of cold
rCold    + . .     Faith    .   (no shield)
rNeg     . . .     Spirit   .   a - +0 robe
rPois    ∞         Reflect  .   (no helmet)
rElec    +         Harm     .   j - +0 cloak
rCorr    +         Rampage  .   (no gloves)
Will     .....                  (boots unavailable)
Stlth    ++........             (no amulet)
HPRegen  0.09/turn              (no ring)
MPRegen  0.00/turn              (no ring)

@: resistant, flying
A: sickness immunity, fire resistance 2, cold vulnerability 1, float, innate
caster, hp casting, extra vitality 1
a: no special abilities


You were on level 3 of the Dungeon.
You visited 1 branch of the dungeon, and saw 3 of its levels.

You collected 122 gold pieces.

Inventory:

Armour
 a - a +0 robe (worn)
 j - a +0 cloak (worn)
Magical Staves
 g - a staff of cold (weapon)
Potions
 b - 2 potions of degeneration
 d - a potion of flight
 e - a potion of resistance
 h - a potion of brilliance {unknown}
 i - a potion of curing {unknown}
 k - a potion of attraction {unknown}
 l - 2 potions of haste {unknown}
 m - a potion of cancellation {unknown}


   Skills:
 + Level 1.9 Fighting
 - Level 2.1 Dodging
 - Level 1.5 Stealth
 + Level 2.9 Spellcasting


You couldn't memorise any spells.
You knew the following spells:

 Your Spells              Type           Power      Damage    Failure   Level
a - Sting                 Tmut/Pois      48%        1d5       5%          1
b - Poisonous Vapours     Pois/Air       24%        N/A       8%          2
c - Mephitic Cloud        Conj/Pois/Air  12%        N/A       16%         3
d - Ignite Poison         Fire/Tmut/Pois 12%        N/A       16%         3
e - Olgreb's Toxic Radia  Pois           12%        N/A       45%         4
f - Summon Small Mammal   Summ           48%        N/A       5%          1
Your spell library was empty.

Dungeon Overview and Level Annotations

Branches:
Dungeon (3/15)

Altars:
Fedhas


Innate Abilities, Weirdness & Mutations

You are immune to sickness and miasma.
You are immune to poison.
Your flesh is very heat resistant. (rF++)
You are vulnerable to cold. (rC-)
You float through the air rather than walking.
You learn spells naturally, not from books.
Your magical power is your life essence.
You have superior vitality. (+4 HP)


Message History

The bullfrog skeleton completely misses you.
Casting: Sting (safe; 5% risk of failure)
Confirm with . or Enter, or press ? or * to list all spells.
Aiming: Sting (safe; 5% risk of failure)
Press: ? - help, Shift-Dir - straight line, f/p - bullfrog skeleton
Aim: a bullfrog skeleton (moderately damaged, 90% to hit)
The sting hits the bullfrog skeleton.
The bullfrog skeleton partially resists.
The bullfrog skeleton is moderately damaged.
The bullfrog skeleton closely misses you.
Casting: Sting (safe; 5% risk of failure)
Confirm with . or Enter, or press ? or * to list all spells.
Aiming: Sting (safe; 5% risk of failure)
Press: ? - help, Shift-Dir - straight line, f/p - bullfrog skeleton
Aim: a bullfrog skeleton (moderately damaged, 90% to hit)
The sting hits the bullfrog skeleton.
The bullfrog skeleton partially resists.
The bullfrog skeleton is moderately damaged.
The bullfrog skeleton hits you.
* * * LOW HITPOINT WARNING * * *
Casting: Sting (safe; 5% risk of failure)
Confirm with . or Enter, or press ? or * to list all spells.
Okay, then.
Unknown command.
The bullfrog skeleton hits you.
* * * LOW HITPOINT WARNING * * *
Casting: Sting (safe; 5% risk of failure)
Confirm with . or Enter, or press ? or * to list all spells.
* * * LOW HITPOINT WARNING * * *
The bullfrog skeleton hits you but does no damage.
Your bat hits the bullfrog skeleton. The bullfrog skeleton hits you.
* * * LOW HITPOINT WARNING * * *
Your bat barely misses the bullfrog skeleton.
It was a potion of magic.
Magic courses through your body.
Your bat barely misses the bullfrog skeleton.
The bullfrog skeleton barely misses you.
It was a potion of resistance.
You feel protected.
Your bat hits the bullfrog skeleton. The bullfrog skeleton hits you.
You die...

******,* *,,*,*,*,**********,**,
,,,,,*,* *#.#.#,,,,,,,,,,,,,,,,,
,,,,,,,* #.#.#**,**********,*,,
,,,,,**#***#!#.# *,* *,,,,*,,
,,,<,* #.,,,...# *,* *,**,*,,
,,,,,* #..,,#..# *,* *,,,,*,,
,,,,,* #...,#..# *,#**#***,,,,,,,
,,,,,**#....##.###.##...,,,,,,**,
*,*,,,,+......bZ@.......,,,,,,,,,
*.#***##...†##..##.##.##***,*,,,,
#.#*..,+..†,,#.....##.#*,,,,,,*,,
#.#*.#*#..,,,#...#.##.#*,**,*****
#.##.###.,,,,#.#.#.##.#*,**,*,,,,
....≈.##,,,,,#.#.#.##.#*,**,*,***
#.≈≈≈≈.#,,,,,#.#...##.#*,**,*,*
..≈_≈..#.....#.#...##.#*,**,*,***
..≈≈≈..............##.#*,**,*,,,,


You could see a bullfrog skeleton (ally target) and a friendly bat (summoned).

Vanquished Creatures
  A worm (D:2)
  5 ball pythons
  4 endoplasms
  2 giant cockroaches
  5 goblins
  3 hobgoblins
  2 bats (D:1)
  4 frilled lizards
  2 kobolds (D:1)
  3 rats
31 creatures vanquished.

Notes
Turn   | Place    | Note
-------+----------+-------------------------------------------
     0 | D:1      | Essalna the Djinni Venom Mage began the quest for the Orb.
     0 | D:1      | Reached XP level 1. HP: 15/15 MP: 0/0
   227 | D:1      | Reached XP level 2. HP: 19/22 MP: 0/0
   230 | D:1      | Reached skill level 1 in Fighting
  1288 | D:2      | Reached XP level 3. HP: 20/27 MP: 0/0
  1288 | D:2      | Learned a level 1 spell: Summon Small Mammal
  2200 | D:3      | Found a blossoming altar of Fedhas.
  2261 | D:3      | Found a faded altar of an unknown god.
  2386 | D:3      | Slain by a bullfrog skeleton

Illustrated notes

Levels and vault maps discovered:
D:1:      dpeg_arrival_leaves_temple_mockup, layout_rooms,
          minmay_misc_feat_pillars
D:2:      layout_basic
D:3:      layout_basic, lemuel_zombie_altar_kikubaaqudgha, fedhas_altar_2,
          shapermc_ecumenical_altar_mp_urbaneastern, grunt_decor_arrowhead

Skill      XL: |  1  2 |
---------------+-------+-----
Fighting       | 1 |  1.9
Dodging        | |  2.1
Stealth        | |  1.5
Spellcasting   | |  2.9

Action                   || total
-------------------------++-------
Melee: Unarmed           ||     1
       Staff             ||     2
 Cast: Sting             ||    71
       Summon Small Mamm ||     1
  Use: Scroll            ||     6
       Potion            ||     2
Armor: Robe              ||     6
Dodge: Dodged            ||    15

Table legend: (Time is in decaauts)
 A = Elapsed time spent in this place.
 B = Non-inter-level travel time spent in this place.
 C = Inter-level travel time spent in this place.
 D = Time resting spent in this place.
 E = Time spent auto-exploring this place.
 F = Levels seen in this place.
 G = Mean time per level.
                   A        B        C        D        E       F      G
               +--------+--------+--------+--------+--------+-----+--------+
         Total |   2386 |   2361 |     25 |      0 |   2150 |   3 |  795.3 |
       Dungeon |   2386 |   2361 |     25 |      0 |   2150 |   3 |  795.3 |
               +--------+--------+--------+--------+--------+-----+--------+

Top non-repeatable levels by time:
     D:2: 1156 daAuts
     D:1: 1042 daAuts
     D:3: 187 daAuts
